AAA
NORFOLK TIDES @ TOLEDO MUD HENS
08/07/2052
 
TOP OF THE 1ST
Louisville Bats batting - Pitching for Orlando Wizards : LHP Martin Ocampo
Pitching: LHP Martin Ocampo
Batting: RHB Gil Ochoa 0-0: Ball
1-0: Foul Ball, location: 2F
1-1: Foul Ball, location: 2F
1-2: Ball
2-2: Ball
3-2: Base on Balls
Batting: RHB Jason Odom 0-0: Ball
Gil Ochoa is caught stealing 2nd base 2-4
1-0: Hit by Pitch
Batting: RHB Tomas Urbina 0-0: Ball
1-0: Fielders Choice at 2nd, 4-6 (Groundball, 4, EV 81.2 MPH)
Batting: RHB Alex Garcia 0-0: Ball
1-0: Foul Ball, location: 2F
1-1: Swinging Strike
1-2: Strikes out swinging
Top of the 1st over - 0 runs, 0 hits, 0 errors, 1 left on base; Louisville 0 - Orlando 0
BOTTOM OF THE 1ST
Orlando Wizards batting - Pitching for Louisville Bats : LHP Dave LaKamp
Pitching: LHP Dave LaKamp
Batting: SHB Victor Manuel Lisboa 0-0: Foul Ball, location: 2F
0-1: Ball
1-1: Foul Ball, location: 2F
1-2: Fly out, F5 (Line Drive, 5, EV 66.2 MPH)
Batting: RHB Fidel Cabañas 0-0: Ball
1-0: Foul Ball, location: 2F
1-1: Called Strike
1-2: Ball
2-2: Ball
3-2: Fly out, F7 (Flyball, 7D, EV 94.4 MPH)
Batting: LHB Theodore Oliver 0-0: Foul Ball, location: 2F
0-1: Ball
1-1: Ball
2-1: Swinging Strike
2-2: Strikes out swinging
Bottom of the 1st over - 0 runs, 0 hits, 0 errors, 0 left on base; Louisville 0 - Orlando 0
TOP OF THE 2ND
Louisville Bats batting - Pitching for Orlando Wizards : LHP Martin Ocampo
Batting: LHB Danny Collazo 0-0: Ball
1-0: Swinging Strike
1-1: Foul Ball, location: 2F
1-2: Ball
2-2: Foul Ball, location: 2F
2-2: Foul Ball, location: 2F
2-2: Strikes out looking
Batting: RHB D.J. Bolstridge 0-0: Ball
1-0: Ball
2-0: Ball
3-0: Called Strike
3-1: Called Strike
3-2: SOLO HOME RUN (Flyball, 9D, EV 97.5 MPH), Distance : 360 ft
Batting: RHB Tony Valenzuela 0-0: Ball
1-0: Called Strike
1-1: Ball
2-1: Foul Ball, location: 2F
2-2: Ball
3-2: Foul Ball, location: 2F
3-2: Foul Ball, location: 2F
3-2: Base on Balls
Batting: RHB Jose Osorio 0-0: Ball
1-0: Foul Ball, location: 2F
1-1: Ball
2-1: Called Strike
2-2: Strikes out looking
Batting: LHB Dusty Steele 0-0: Ball
1-0: Called Strike
1-1: Ball
Wild Pitch!
Tony Valenzuela to second
2-1: Foul Ball, location: 2F
2-2: Strikes out swinging
Top of the 2nd over - 1 run, 1 hit, 0 errors, 1 left on base; Louisville 1 - Orlando 0
BOTTOM OF THE 2ND
Orlando Wizards batting - Pitching for Louisville Bats : LHP Dave LaKamp
Batting: LHB Montana Santoscoy 0-0: Ball
1-0: Fly out, F7 (Flyball, 7, EV 88.8 MPH)
Batting: RHB Alex Villarreal 0-0: Called Strike
0-1: Ball
1-1: Ball
2-1: Swinging Strike
2-2: SINGLE (Line Drive, 8LS, EV 103.1 MPH)
Batting: SHB Rick Guerrero 0-0: Ball
1-0: Called Strike
1-1: Swinging Strike
1-2: Ball
2-2: Strikes out swinging
Batting: RHB Josh Stotts 0-0: Ball
1-0: Called Strike
1-1: Foul Ball, location: 2F
1-2: Ball
2-2: SINGLE (Groundball, 4D, EV 99.4 MPH)
Alex Villarreal to second
Batting: RHB William Behrens 0-0: Called Strike
0-1: Foul Ball, location: 2F
0-2: Ball
1-2: SINGLE (Groundball, 5D, EV 100.6 MPH)
Alex Villarreal to third
Josh Stotts to second
Runner from 3rd tries for Home, SAFE, throw by LF to home
Batting: LHB Armando Landry 0-0: Called Strike
0-1: Ball
1-1: Foul Ball, location: 2F
1-2: Ball
2-2: Foul Ball, location: 2F
2-2: Foul Ball, location: 2F
2-2: Fly out, F8 (Flyball, 8RS, EV 90.6 MPH)
Bottom of the 2nd over - 1 run, 3 hits, 0 errors, 2 left on base; Louisville 1 - Orlando 1
TOP OF THE 3RD
Louisville Bats batting - Pitching for Orlando Wizards : LHP Martin Ocampo
Batting: RHB Gil Ochoa 0-0: Foul Ball, location: 2F
0-1: Ball
1-1: Ball
2-1: Swinging Strike
2-2: Ball
3-2: Ground out 5-3 (Groundball, 5L, EV 90.0 MPH)
Batting: RHB Jason Odom 0-0: Called Strike
0-1: Ground out U3 (Groundball, 34, EV 85.0 MPH)
Batting: RHB Tomas Urbina 0-0: Fly out, F8 (Flyball, 8RM, EV 94.4 MPH)
Top of the 3rd over - 0 runs, 0 hits, 0 errors, 0 left on base; Louisville 1 - Orlando 1
BOTTOM OF THE 3RD
Orlando Wizards batting - Pitching for Louisville Bats : LHP Dave LaKamp
Batting: SHB Victor Manuel Lisboa 0-0: Called Strike
0-1: Ball
1-1: Foul Ball, location: 2F
1-2: Strikes out looking
Batting: RHB Fidel Cabañas 0-0: Called Strike
0-1: Ball
1-1: Ball
2-1: Ball
3-1: Base on Balls
Batting: LHB Theodore Oliver 0-0: Foul Ball, location: 2F
0-1: Called Strike
0-2: Ball
1-2: DOUBLE (Line Drive, 9LM, EV 104.4 MPH)
Fidel Cabañas to third
Batting: LHB Montana Santoscoy 0-0: Ball
1-0: Called Strike
1-1: Ball
2-1: Swinging Strike
2-2: Ball
3-2: Base on Balls
Batting: RHB Alex Villarreal 0-0: Swinging Strike
0-1: Ball
1-1: Grounds into double play, 6-4-3 (Groundball, 6, EV 103.8 MPH)
Bottom of the 3rd over - 0 runs, 1 hit, 0 errors, 2 left on base; Louisville 1 - Orlando 1
TOP OF THE 4TH
Louisville Bats batting - Pitching for Orlando Wizards : LHP Martin Ocampo
Batting: RHB Alex Garcia 0-0: Ball
1-0: Ball
2-0: Called Strike
2-1: Ball
3-1: Fly out, F9 (Flyball, 9, EV 81.9 MPH)
Batting: LHB Danny Collazo 0-0: Called Strike
0-1: Ball
1-1: Ball
2-1: Called Strike
2-2: Foul Ball, location: 2F
2-2: Fly out, F8 (Flyball, 8RXD, EV 101.2 MPH)
Batting: RHB D.J. Bolstridge 0-0: Swinging Strike
0-1: Swinging Strike
0-2: Strikes out swinging
Top of the 4th over - 0 runs, 0 hits, 0 errors, 0 left on base; Louisville 1 - Orlando 1
BOTTOM OF THE 4TH
Orlando Wizards batting - Pitching for Louisville Bats : LHP Dave LaKamp
Batting: SHB Rick Guerrero 0-0: Ball
1-0: Foul Ball, location: 2F
1-1: Ball
2-1: SINGLE (Groundball, 56D, EV 96.2 MPH)
Batting: RHB Josh Stotts 0-0: Called Strike
0-1: Ball
1-1: Foul Ball, location: 2F
1-2: Strikes out swinging
Batting: RHB William Behrens 0-0: Ball
1-0: Foul Ball, location: 2F
1-1: SINGLE (Groundball, 34S, EV 70.0 MPH) (infield hit)
Rick Guerrero to second
Batting: LHB Armando Landry 0-0: Ball
1-0: Ball
2-0: Foul Ball, location: 2F
2-1: Foul Ball, location: 2F
2-2: Ball
3-2: Ground out 3-1 (Groundball, 34, EV 101.9 MPH)
Rick Guerrero to third
William Behrens to second
Batting: SHB Victor Manuel Lisboa 0-0: Ball
1-0: Called Strike
1-1: Ground out 6-3 (Groundball, 6S, EV 83.1 MPH)
Bottom of the 4th over - 0 runs, 2 hits, 0 errors, 2 left on base; Louisville 1 - Orlando 1
TOP OF THE 5TH
Louisville Bats batting - Pitching for Orlando Wizards : LHP Martin Ocampo
Batting: RHB Tony Valenzuela 0-0: Ball
1-0: Called Strike
1-1: Foul Ball, location: 2F
1-2: Ball
2-2: Strikes out swinging
Batting: RHB Jose Osorio 0-0: Ground out 4-3 (Groundball, 4, EV 88.1 MPH)
Batting: LHB Dusty Steele 0-0: Fly out, F7 (Flyball, 7LM, EV 85.0 MPH)
Top of the 5th over - 0 runs, 0 hits, 0 errors, 0 left on base; Louisville 1 - Orlando 1
BOTTOM OF THE 5TH
Orlando Wizards batting - Pitching for Louisville Bats : LHP Dave LaKamp
Batting: RHB Fidel Cabañas 0-0: Bunt for hit to 13 - play at first, batter safe!
Batting: LHB Theodore Oliver 0-0: Foul Ball, location: 2F
0-1: Foul Ball, location: 2F
0-2: Fielders Choice at 2nd, 3-6 (Groundball, 34, EV 99.4 MPH)
Pitching: RHP Joseph Cordero
Batting: LHB Montana Santoscoy 0-0: Ball
1-0: Foul Ball, location: 2F
1-1: Ball
2-1: Foul Ball, location: 2F
2-2: Foul Ball, location: 2F
2-2: Fielders Choice at 2nd, 4-6 (Groundball, 4M, EV 107.5 MPH)
Batting: RHB Alex Villarreal 0-0: Called Strike
0-1: Ball
1-1: Ball
2-1: Ball
3-1: Fly out, F8 (Flyball, 78M, EV 91.2 MPH)
Bottom of the 5th over - 0 runs, 1 hit, 0 errors, 1 left on base; Louisville 1 - Orlando 1
TOP OF THE 6TH
Louisville Bats batting - Pitching for Orlando Wizards : LHP Martin Ocampo
Batting: RHB Gil Ochoa 0-0: Ball
1-0: Swinging Strike
1-1: Called Strike
1-2: Ball
2-2: Strikes out swinging
Batting: RHB Jason Odom 0-0: Called Strike
0-1: Ball
1-1: Ground out 5-3 (Groundball, 56, EV 83.8 MPH)
Now at 3B: Juan Delgado
Batting: RHB Tomas Urbina 0-0: Ball
1-0: Called Strike
1-1: SINGLE (Flyball, 89S, EV 97.5 MPH)
Batting: RHB Alex Garcia 0-0: Foul Ball, location: 2F
0-1: Foul Ball, location: 2F
0-2: Ball
1-2: Ball
2-2: Strikes out swinging
Top of the 6th over - 0 runs, 1 hit, 0 errors, 1 left on base; Louisville 1 - Orlando 1
BOTTOM OF THE 6TH
Orlando Wizards batting - Pitching for Louisville Bats : RHP Joseph Cordero
Batting: SHB Rick Guerrero 0-0: Ball
1-0: Called Strike
1-1: Swinging Strike
1-2: Foul Ball, location: 2F
1-2: Foul Ball, location: 2F
1-2: Strikes out swinging
Batting: RHB Josh Stotts 0-0: Fly out, F8 (Flyball, 8RM, EV 85.0 MPH)
Batting: RHB Juan Delgado 0-0: Ball
1-0: Ball
2-0: DOUBLE (Groundball, 5L, EV 109.4 MPH)
Batting: LHB Armando Landry 0-0: Ball
1-0: Foul Ball, location: 2F
1-1: Foul Ball, location: 2F
1-2: Ground out 5-3 (Groundball, 56S, EV 87.5 MPH)
Bottom of the 6th over - 0 runs, 1 hit, 0 errors, 1 left on base; Louisville 1 - Orlando 1
TOP OF THE 7TH
Louisville Bats batting - Pitching for Orlando Wizards : LHP Martin Ocampo
Pitching: RHP Ben Lynn
Batting: LHB Danny Collazo 0-0: Ball
1-0: Ball
2-0: Fly out, F8 (Flyball, 8RS, EV 88.1 MPH)
Batting: RHB D.J. Bolstridge 0-0: Ball
1-0: SOLO HOME RUN (Flyball, 7LD, EV 93.1 MPH), Distance : 339 ft
Batting: RHB Tony Valenzuela 0-0: Foul Ball, location: 2F
0-1: Foul Ball, location: 2F
0-2: SINGLE (Flyball, 8LS, EV 90.6 MPH)
Batting: RHB Jose Osorio 0-0: Fly out, F8 (Flyball, 89D, EV 93.8 MPH)
Batting: LHB Dusty Steele 0-0: Foul Ball, location: 2F
0-1: Swinging Strike
0-2: Fielders Choice at 2nd, 5-4 (Groundball, 5, EV 107.5 MPH)
Top of the 7th over - 1 run, 2 hits, 0 errors, 1 left on base; Louisville 2 - Orlando 1
BOTTOM OF THE 7TH
Orlando Wizards batting - Pitching for Louisville Bats : RHP Joseph Cordero
Batting: SHB Victor Manuel Lisboa 0-0: Called Strike
0-1: Ball
1-1: Ground out U3 (Groundball, 3, EV 99.4 MPH)
Batting: RHB Fidel Cabañas 0-0: Called Strike
0-1: Ball
1-1: Ground out 4-3 (Groundball, 4, EV 91.9 MPH)
Batting: LHB Theodore Oliver 0-0: Ball
1-0: Called Strike
1-1: Foul Ball, location: 2F
1-2: Foul Ball, location: 2F
1-2: Ball
2-2: Ball
3-2: Fly out, F7 (Flyball, 7D, EV 94.4 MPH)
Bottom of the 7th over - 0 runs, 0 hits, 0 errors, 0 left on base; Louisville 2 - Orlando 1
TOP OF THE 8TH
Louisville Bats batting - Pitching for Orlando Wizards : RHP Ben Lynn
Batting: RHB Gil Ochoa 0-0: Ball
1-0: Ball
2-0: SINGLE (Groundball, 6D, EV 96.2 MPH)
Batting: RHB Jason Odom 0-0: Foul Ball, location: 2F
0-1: Ball
1-1: Ball
2-1: Sac Bunt to 15S - play at first, batter safe!
Gil Ochoa to second
Batting: RHB Tomas Urbina 0-0: Ball
1-0: Ball
2-0: SINGLE (Groundball, 56D, EV 107.5 MPH)
Gil Ochoa to third
Jason Odom to second
Runner from 3rd tries for Home, SAFE, throw by LF to home
Batting: RHB Alex Garcia 0-0: Ball
1-0: Called Strike
1-1: Ball
2-1: Foul Ball, location: 2F
2-2: Foul Ball, location: 2F
2-2: Foul Ball, location: 2F
2-2: DOUBLE (Line Drive, 89D, EV 108.1 MPH)
Jason Odom scores
Tomas Urbina to third
Batting: LHB Danny Collazo 0-0: Intentional Walk
Batting: RHB D.J. Bolstridge 0-0: Called Strike
0-1: Ball
1-1: Called Strike
1-2: Strikes out looking
Pitching: RHP Granville Lockhart
Batting: RHB Tony Valenzuela 0-0: Swinging Strike
0-1: Ball
1-1: Called Strike
1-2: Foul Ball, location: 2F
1-2: SINGLE (Groundball, 4, EV 101.2 MPH)
Tomas Urbina scores
Alex Garcia to third
Danny Collazo to second
Runner from 3rd tries for Home, SAFE, throw by CF to home
Batting: RHB Jose Osorio 0-0: Foul Ball, location: 2F
0-1: Called Strike
0-2: Strikes out swinging
Batting: LHB Dusty Steele 0-0: Ball
1-0: Fly out, F9 (Flyball, 9S, EV 88.8 MPH)
Top of the 8th over - 4 runs, 5 hits, 0 errors, 2 left on base; Louisville 6 - Orlando 1
BOTTOM OF THE 8TH
Orlando Wizards batting - Pitching for Louisville Bats : RHP Joseph Cordero
Batting: LHB Montana Santoscoy 0-0: Called Strike
0-1: Ball
1-1: Ball
2-1: SINGLE (Line Drive, 4MD, EV 98.1 MPH)
Pitching: RHP Wade Scott
Batting: RHB Alex Villarreal 0-0: Called Strike
0-1: Ground out 5-3 (Groundball, 5S, EV 61.9 MPH)
Montana Santoscoy to second
Batting: SHB Rick Guerrero 0-0: Ball
1-0: Ball
2-0: Swinging Strike
2-1: Ball
3-1: Fly out, F8 (Line Drive, 8RM, EV 93.8 MPH)
Batting: RHB Josh Stotts 0-0: Ball
1-0: Called Strike
1-1: Called Strike
1-2: Foul Ball, location: 2F
1-2: Ball
2-2: Foul Ball, location: 2F
2-2: Ball
3-2: Foul Ball, location: 2F
3-2: Strikes out swinging
Bottom of the 8th over - 0 runs, 1 hit, 0 errors, 1 left on base; Louisville 6 - Orlando 1
TOP OF THE 9TH
Louisville Bats batting - Pitching for Orlando Wizards : RHP Granville Lockhart
Batting: RHB Gil Ochoa 0-0: Ball
1-0: Ball
2-0: Foul Ball, location: 2F
2-1: Foul Ball, location: 2F
2-2: Foul Ball, location: 2F
2-2: Ball
3-2: Fly out, F9 (Flyball, 9LM, EV 85.0 MPH)
Batting: RHB Jason Odom 0-0: Ball
1-0: Ball
2-0: Ground out 6-3 (Groundball, 6MS, EV 91.2 MPH)
Batting: RHB Tomas Urbina 0-0: Called Strike
0-1: Ground out 5-3 (Groundball, 56, EV 91.2 MPH)
Top of the 9th over - 0 runs, 0 hits, 0 errors, 0 left on base; Louisville 6 - Orlando 1
BOTTOM OF THE 9TH
Orlando Wizards batting - Pitching for Louisville Bats : RHP Wade Scott
Batting: RHB Juan Delgado 0-0: Swinging Strike
0-1: Ball
1-1: DOUBLE (Line Drive, 78D, EV 108.8 MPH)
Batting: LHB Armando Landry 0-0: Foul Ball, location: 2F
0-1: Fly out, F9 (Flyball, 89M, EV 86.9 MPH)
Pitching: RHP Jimmy Weinert
Batting: SHB Victor Manuel Lisboa 0-0: Foul Ball, location: 2F
0-1: DOUBLE (Line Drive, 7LD, EV 103.1 MPH)
Juan Delgado scores
Batting: RHB Fidel Cabañas 0-0: Ball
1-0: Ball
2-0: Called Strike
2-1: Swinging Strike
2-2: Foul Ball, location: 2F
2-2: Strikes out swinging
Batting: LHB Theodore Oliver 0-0: Called Strike
0-1: Ball
1-1: Called Strike
1-2: Foul Ball, location: 2F
1-2: Ball
2-2: Ball
3-2: Foul Ball, location: 2F
3-2: Foul Ball, location: 2F
3-2: Foul Ball, location: 2F
3-2: Strikes out looking
Bottom of the 9th over - 1 run, 2 hits, 0 errors, 1 left on base; Louisville 6 - Orlando 2
Thursday, May 2nd , 2024 - OOTP Baseball 24.11 Build 85